 Dungeon Crawl Stone Soup version 0.17-a0-1767-gccbed74 (webtiles) character file.

253 gorblad the Sneak (level 6, 0/41 HPs)
             Began as an Octopode Assassin on Sept 7, 2015.
             Slain by an adder (3 damage)
             ... on level 4 of the Dungeon.
             The game lasted 00:08:17 (2489 turns).

gorblad the Sneak (Octopode Assassin)               Turns: 2489, Time: 00:08:17

Health: 0/41       AC:  1    Str: 10    XL:     6   Next: 14%
Magic:  6/6        EV: 14    Int: 13    God:
Gold:   171        SH:  4    Dex: 16    Spells: 0 memorised, 5 levels left

rFire  . . .     SeeInvis .     m - +0 spear (freeze)
rCold  . . .     Clarity  .     p - +0 buckler
rNeg   . . .     SustAt   .     (helmet restricted)
rPois  .         Gourm    .     q - amulet of stasis
rElec  .         Spirit   .     s - +2 ring of evasion
rCorr  .         Warding  .     (no ring)
rMut   .         Stasis   +     (no ring)
MR     .....                    (no ring)
Stlth  +++++.....               (no ring)
                                (no ring)
                                (no ring)
                                (no ring)

@: lethally poisoned (0 -> -1), not resistant to hostile enchantments, quite
stealthy
A: almost no armour, amphibious, 8 rings, constrict 8, camouflage 1, gelatinous
body 1
a: no special abilities


You were on level 4 of the Dungeon.
You were not hungry.

You visited 1 branch of the dungeon, and saw 4 of its levels.

You collected 171 gold pieces.

Inventory:

Hand weapons
 a - a +2 dagger
 b - a +0 blowgun
 m - a +0 spear of freezing (weapon)
Missiles
 c - 8 poisoned needles
 d - 2 curare-tipped needles
Armour
 p - a +0 buckler (worn)
Jewellery
 h - an uncursed amulet of faith
 q - an amulet of stasis (around mantle)
 s - a +2 ring of evasion (left tentacle)
Scrolls
 f - 2 scrolls of remove curse
 j - 3 scrolls of recharging {unknown}
 n - 2 scrolls of blinking
Potions
 g - 2 potions of mutation {unknown}
 i - a potion of flight {unknown}
 k - a potion of curing {unknown}
 l - a potion of poison {unknown}
 o - a potion of ambrosia {unknown}
 r - a potion of resistance {unknown}
 u - 3 potions of agility {unknown}
Comestibles
 e - 2 bread rations
 t - a royal jelly


   Skills:
 + Level 2.9 Fighting
 - Level 2.2 Short Blades
 * Level 2.8 Polearms
 - Level 2.1 Throwing
 + Level 2.0 Dodging
 + Level 7.3 Stealth
 + Level 1.2 Shields


You had 5 spell levels left.
You didn't know any spells.

Dungeon Overview and Level Annotations

Branches:
Dungeon (4/15)
 Temple: D:4-7

Altars:
The Shining One


Innate Abilities, Weirdness & Mutations

You cannot wear most types of armour.
You are amphibious.
You can wear up to eight rings at the same time.
You can use your tentacles to constrict eight enemies at once.
Your skin changes colour to match your surroundings (Stealth).
Your rubbery body absorbs attacks (AC +1).


Message History

You constrict the orc, but do no damage.
The orc closely misses you. Something hits you but does no damage.
You hit the orc but do no damage.
The orc is severely wounded.
You constrict the orc. The orc closely misses you.
Something hits you but does no damage. The orc hits you with a club.
* * * LOW HITPOINT WARNING * * *
You closely miss something. You constrict the orc. Something barely misses you.
You block the orc's attack. The orc hits you with a club.
* * * LOW HITPOINT WARNING * * *
You release your grip on the orc.
You feel sick. The orc barely misses you.
You see here a glowing amethyst potion.
You hit the orc. You freeze the orc.
You kill the orc!
You feel sick. The adder bites you.
* * * LOW HITPOINT WARNING * * *
You feel sick. The adder completely misses you.
You hit the adder but do no damage. Your grab misses the adder.
The adder bites you.
You die...

..............
#.#............
#.#............
#.#............ ###
#.#............ #.#
#.#............
####.#####..............
#........@S.o.).........
####.###########!†......
#.# #........ #.#
#)#...... #.#
######...###.# #.#
#....#...# # #.#
#....#....
#.######....#...##
#...........#...#


You could see an adder and an orc.

Vanquished Creatures
  An orc wizard (D:3)
  An orc priest (D:4)
  Terence (D:3)
  A worker ant (D:4)
  9 adders
  An ooze (D:1)
  2 worms
  6 giant geckos
  6 orcs
  2 giant cockroaches (D:1)
  A hobgoblin (D:2)
  2 jackals (D:1)
  5 kobolds (D:2)
  3 quokkas
  3 ball pythons
  5 bats
  2 giant newts (D:1)
  4 goblins
  5 rats
60 creatures vanquished.

Notes
Turn   | Place    | Note
--------------------------------------------------------------
     0 | D:1      | gorblad the Octopode Assassin began the quest for the Orb.
     0 | D:1      | Reached XP level 1. HP: 14/14 MP: 1/1
   357 | D:1      | Reached XP level 2. HP: 19/19 MP: 2/2
   610 | D:1      | Reached skill level 6 in Stealth
   818 | D:2      | Reached XP level 3. HP: 24/24 MP: 3/3
  1265 | D:2      | Reached XP level 4. HP: 30/30 MP: 4/4
  1351 | D:2      | Reached skill level 1 in Polearms
  1836 | D:3      | Reached skill level 7 in Stealth
  1846 | D:3      | Reached XP level 5. HP: 29/35 MP: 5/5
  2100 | D:3      | Found a glowing golden altar of the Shining One.
  2221 | D:3      | Noticed Terence
  2232 | D:3      | Killed Terence
  2471 | D:4      | Reached skill level 1 in Shields
  2471 | D:4      | Reached XP level 6. HP: 21/41 MP: 6/6
  2488 | D:4      | HP: 2/41 [poisoned by a worker ant]
  2489 | D:4      | Slain by an adder

Vault maps used:
D:1:      ncdulo_smallfort
D:2:      first_bread, hangedman_decor_push
D:3:      nicolae_tso_carved_into_rock, uniq_terence
D:4:      grunt_temple_overflow_open, uniq_sigmund

Action                   |  1- 3 |  4- 6 || total
-------------------------+-------+-------++-------
Melee: Dagger            |    27 |       ||    27
       Spear             |     5 |    96 ||   101
  Use: Scroll            |     4 |     2 ||     6
 Stab: Sleeping          |    17 |    13 ||    30
  Eat: Chunk             |       |     2 ||     2
       Bread ration      |       |     1 ||     1
